[Event "Titled Tuesday Blitz May 10 Early 2022"]
[White "Petre, Nad-Titus"]
[Black "Johnson, Ben"]
[WhiteFideId "1204165"]
[BlackFideId "2010917"]
[WhiteElo "2354"]
[BlackElo "2202"]
[Result "0-1"]
[Round "01"]
[TimeControl "180+1"]
[Date "2022.05.11"]
[WhiteClock "0:00:10"]
[BlackClock "0:00:14"]

1. e4 c5 2. Nc3 Nc6 3. Bb5 Nd4 4. Nf3 a6 5. Bd3 Nc6 6. O-O d6 7. Be2 Bg4 8. h3 Bxf3 9. Bxf3 Nf6 10. g3 e6 11. Bg2 Be7 12. d3 O-O 13. f4 Rb8 14. f5 b5 15. Bd2 Nd4 16. g4 b4 17. Ne2 Nxe2+ 18. Qxe2 Nd7 19. Qf3 Bg5 20. Bxg5 Qxg5 21. Qg3 Ne5 22. Rf4 c4 23. d4 Nc6 24. h4 Qd8 25. d5 exd5 26. exd5 Ne5 27. g5 f6 28. Raf1 a5 29. Kh1 a4 30. b3 axb3 31. axb3 c3 32. gxf6 Qxf6 33. Be4 Ra8 34. Rg1 Rf7 35. Rf2 Ra2 36. Rfg2 Nd7 37. Qh3 Nc5 38. Bf3 Raa7 39. h5 h6 40. Rg6 Qe5 41. Rxh6 Qxf5 42. Qxf5 Rxf5 43. Rhg6 Rxf3 44. h6 Rh3+ 45. Kg2 Rxh6 46. Rxh6 gxh6 47. Kf3+ Kf7 48. Ke3 Kf6 49. Rh1 Kg6 50. Rg1+ Kh7 51. Rf1 Re7+ 52. Kf3 Rf7+ 53. Kg2 Rxf1 54. Kxf1 Nxb3 0-1


[Site "https://www.chess.com"]

[Event "Titled Tuesday Blitz May 10 Early 2022"]
[White "Petrov, Martin"]
[Black "Martin, Lewis"]
[WhiteFideId "2911086"]
[BlackFideId "410551"]
[WhiteElo "2343"]
[BlackElo "2145"]
[Result "1-0"]
[Round "01"]
[TimeControl "180+1"]
[Date "2022.05.11"]
[WhiteClock "0:00:36"]
[BlackClock "0:00:20"]

1. Nf3 Nf6 2. g3 d5 3. Bg2 c6 4. d4 e6 5. O-O Nbd7 6. c4 Bd6 7. b3 O-O 8. Bb2 b6 9. Nbd2 Bb7 10. Qc2 Qe7 11. e4 dxe4 12. Nxe4 Nxe4 13. Qxe4 Nf6 14. Qe3 c5 15. Rad1 Rfd8 16. Rfe1 Rac8 17. d5 Bb8 18. Nh4 Qe8 19. dxe6 Rxd1 20. Rxd1 Bxg2 21. exf7+ Kxf7 22. Nxg2 Qxe3 23. Nxe3 Re8 24. Bxf6 Kxf6 25. Rd7 h5 26. Kg2 g6 27. Rb7 Ke5 28. Rg7 Re6 29. Rd7 Rd6 30. Rb7 Rd8 31. Nd5 Kd4 32. Ne7 Kc3 33. Nc6 Rd2 34. Rxb8 Rxa2 35. Rb7 Kxb3 36. Nxa7 Kxc4 37. Nc8 Rb2 38. Nxb6+ Kd3 39. Rd7+ Kc2 40. Na4 Rb5 41. Rc7 Kd1 42. Rxc5 1-0


[Site "https://www.chess.com"]

[Event "Titled Tuesday Blitz May 10 Early 2022"]
[White "Petrova, Irina"]
[Black "Arabidze, Meri"]
[WhiteFideId "14124122"]
[BlackFideId "13604040"]
[WhiteElo "1993"]
[BlackElo "2335"]
[Result "0-1"]
[Round "01"]
[TimeControl "180+1"]
[Date "2022.05.11"]
[WhiteClock "0:00:14"]
[BlackClock "0:01:11"]

1. e4 c5 2. Nf3 e6 3. b3 d5 4. exd5 exd5 5. Bb5+ Nc6 6. d4 Nf6 7. O-O Be7 8. Re1 O-O 9. Bb2 Bg4 10. dxc5 Bxc5 11. Qd3 Qb6 12. Rf1 Nb4 13. Qe2 a6 14. a3 Nxc2 15. Qxc2 axb5 16. b4 Be7 17. Nbd2 Rac8 18. Qd3 Bh5 19. Ne5 Bd6 20. Ndf3 Rfd8 21. Rac1 Bg6 22. Nxg6 hxg6 23. Bxf6 gxf6 24. Rxc8 Rxc8 25. Qxd5 Rc3 26. Nd4 Rd3 27. Qxb5 Qxd4 28. Qxb7 Rd1 29. Qb5 Kg7 30. Rxd1 Qxd1+ 31. Qf1 Bxh2+ 0-1


[Site "https://www.chess.com"]

[Event "Titled Tuesday Blitz May 10 Early 2022"]
[White "Piesik, Piotr"]
[Black "Goldin, Roman"]
[WhiteFideId "1136194"]
[BlackFideId "2803860"]
[WhiteElo "2190"]
[BlackElo "2312"]
[Result "1-0"]
[Round "01"]
[TimeControl "180+1"]
[Date "2022.05.11"]
[WhiteClock "0:00:44"]
[BlackClock "0:00:21"]

1. Nf3 Nf6 2. g3 b5 3. Bg2 Bb7 4. O-O c5 5. d3 g6 6. e4 d6 7. a4 b4 8. Nbd2 Bg7 9. Nb3 O-O 10. Nfd2 Qc7 11. a5 Nc6 12. a6 Bc8 13. Nc4 Nd7 14. f4 Ndb8 15. e5 Bxa6 16. exd6 exd6 17. f5 Re8 18. f6 Bf8 19. Bf4 Bb7 20. Nxc5 Bc8 21. Ne4 Rd8 22. Ne3 Be6 23. Ng5 Qd7 24. Nxe6 fxe6 25. f7+ Kh8 26. Bg5 Be7 27. Qf3 Kg7 28. Bf6+ Kf8 29. Ng4 d5 30. Qf4 1-0


[Site "https://www.chess.com"]

[Event "Titled Tuesday Blitz May 10 Early 2022"]
[White "Piliczewski, Bogusz"]
[Black "Levitskiy, Andrey"]
[WhiteFideId "1104144"]
[BlackFideId "14132885"]
[WhiteElo "1896"]
[BlackElo "2301"]
[Result "0-1"]
[Round "01"]
[TimeControl "180+1"]
[Date "2022.05.11"]
[WhiteClock "0:00:03"]
[BlackClock "0:00:09"]

1. d4 Nf6 2. Nf3 e6 3. Bf4 c5 4. c3 d5 5. e3 Bd6 6. Bg3 O-O 7. Bd3 b6 8. Nbd2 Bb7 9. O-O Nc6 10. Ne5 Ne7 11. f4 Ne4 12. Nxe4 dxe4 13. Bc4 Nd5 14. Qe2 f6 15. Ng4 f5 16. Ne5 Bxe5 17. dxe5 Qe7 18. Rad1 Rfd8 19. Rd2 a6 20. a4 Rd7 21. Rfd1 Rad8 22. Bxa6 Nxc3 23. bxc3 Rxd2 24. Rxd2 Rxd2 25. Qxd2 Bxa6 26. Be1 Bd3 27. Qb2 Qa7 28. Qb3 Kf7 29. Bh4 h6 30. h3 Qc7 31. Kh2 Qc6 32. Bf2 Kg6 33. Be1 Kh7 34. Bd2 Ba6 35. Bc1 Be2 36. Ba3 Bd3 37. Bb2 g5 38. Bc1 Kg6 39. g3 g4 40. hxg4 fxg4 41. Qd1 h5 42. Qb3 Ba6 43. Bd2 Qd7 44. Bc1 Qd3 45. Qxe6+ Kh7 46. Qf7+ Kh6 47. Qf6+ Kh7 48. Qf5+ Kg7 49. Qg5+ Kf8 50. Qf6+ Ke8 51. Qe6+ Kd8 52. Qf6+ Kc7 53. Qe7+ Kc6 54. Qe8+ Kc7 55. Qe7+ Kb8 56. Qe8+ Bc8 57. Qxh5 Qe2+ 58. Kg1 Qe1+ 59. Kg2 Qe2+ 60. Kg1 Qd1+ 61. Kg2 Qc2+ 62. Kg1 Qxc1+ 63. Kg2 Qd2+ 64. Kg1 Qxe3+ 65. Kg2 Qe2+ 66. Kg1 Qe1+ 67. Kg2 Qe2+ 68. Kg1 Qe3+ 69. Kg2 Qf3+ 70. Kg1 e3 71. e6 Qf2+ 72. Kh1 Bb7+ 0-1


[Site "https://www.chess.com"]

[Event "Titled Tuesday Blitz May 10 Early 2022"]
[White "Pinheiro, Iung Alicio de O."]
[Black "Quirke, Jeffrey"]
[WhiteFideId "2104350"]
[BlackFideId "2013029"]
[WhiteElo "2283"]
[BlackElo "2135"]
[Result "1-0"]
[Round "01"]
[TimeControl "180+1"]
[Date "2022.05.11"]
[WhiteClock "0:01:05"]
[BlackClock "0:00:19"]

1. c4 c5 2. g3 g6 3. Bg2 Bg7 4. Nc3 Nc6 5. a3 e5 6. b4 cxb4 7. axb4 Nge7 8. b5 Nd4 9. Ba3 O-O 10. e3 Ne6 11. Nge2 Re8 12. Ne4 Nf5 13. N2c3 Ned4 14. exd4 exd4 15. Nd5 d3 16. O-O d6 17. Qb3 Be6 18. Bb2 Bxd5 19. cxd5 Rxe4 20. Bxe4 Bxb2 21. Qxb2 Ne7 22. h4 1-0


[Site "https://www.chess.com"]

[Event "Titled Tuesday Blitz May 10 Early 2022"]
[White "Prieto Aranguren, Alain"]
[Black "Solovchuk, Oleksiy"]
[WhiteFideId "2268906"]
[BlackFideId "14115220"]
[WhiteElo "2235"]
[BlackElo "2305"]
[Result "0-1"]
[Round "01"]
[TimeControl "180+1"]
[Date "2022.05.11"]
[WhiteClock "0:00:06"]
[BlackClock "0:00:09"]

1. d4 Nf6 2. c4 e6 3. Nc3 Bb4 4. e3 O-O 5. Bd3 Re8 6. Nf3 d5 7. O-O Nc6 8. Bd2 Bf8 9. Rc1 h6 10. Re1 dxc4 11. Bxc4 e5 12. dxe5 Nxe5 13. Nxe5 Rxe5 14. e4 c6 15. Bf4 Re8 16. Qb3 Qe7 17. Rcd1 b5 18. Bf1 Be6 19. Qc2 Qc5 20. Be3 Qh5 21. Be2 Ng4 22. Bf4 Bc5 23. Rf1 Qh4 24. Bg3 Qg5 25. Kh1 Rac8 26. h3 Ne3 27. fxe3 Qxg3 28. Rf3 Qe5 29. Rdf1 Bd6 30. Kg1 Qh2+ 31. Kf2 Be7 32. Rf4 Bg5 33. Qc1 Bxh3 34. Rg1 b4 35. Bf3 bxc3 36. bxc3 Bxf4 37. exf4 Rb8 38. Rh1 Rb2+ 39. Ke3 Qxh1 40. Qxh1 Be6 41. Qc1 Rxa2 42. f5 Bc4 43. f6 gxf6 44. Kd4 Be6 45. Qxh6 Rd8+ 46. Kc5 Ra5+ 47. Kxc6 Ra6+ 48. Kb7 Rb6+ 49. Kxa7 Rdb8 50. Qxf6 R6b7+ 51. Ka6 Bc4+ 52. Ka5 Ra7+ 0-1


[Site "https://www.chess.com"]

[Event "Titled Tuesday Blitz May 10 Early 2022"]
[White "Przybylski, Wojciech"]
[Black "Khubukshanov, Erdem"]
[WhiteFideId "1117599"]
[BlackFideId "54114527"]
[WhiteElo "2133"]
[BlackElo "2306"]
[Result "0-1"]
[Round "01"]
[TimeControl "180+1"]
[Date "2022.05.11"]
[WhiteClock "0:00:08"]
[BlackClock "0:00:14"]

1. d4 g6 2. e4 Bg7 3. Nc3 c6 4. a4 d5 5. e5 f6 6. f4 Nh6 7. Nf3 O-O 8. Bd3 Bf5 9. O-O Nd7 10. Re1 fxe5 11. fxe5 e6 12. Bg5 Qb6 13. a5 Qc7 14. Be7 Rfe8 15. Bd6 Qd8 16. Be2 Nf7 17. Bb4 b6 18. Na4 Qc7 19. Bd2 c5 20. c3 c4 21. b3 b5 22. Nb2 a6 23. h3 cxb3 24. Qxb3 h6 25. Nd3 g5 26. Nb4 Nd8 27. Nh2 Nc6 28. Nxc6 Qxc6 29. Ng4 Rf8 30. Bc1 Rf7 31. Ne3 Bg6 32. Ba3 Rc8 33. Rac1 Qc7 34. Bg4 Re8 35. Nxd5 Qxa5 36. Bd6 h5 37. Ra1 Qd8 38. Bf3 exd5 39. Bxd5 Nb6 40. Bc6 Nc4 41. Bxe8 Qxe8 42. e6 Rf6 43. Be5 Rxe6 44. Bg3 Rxe1+ 45. Rxe1 Qf7 46. Rf1 Qd5 47. Qb4 Be4 48. Qe7 Qc6 49. Qd8+ Kh7 50. Qxg5 Qg6 51. Qf4 a5 52. Kh2 a4 53. Qc7 a3 54. Ra1 Bd5 55. Re1 Qc2 56. Rg1 a2 57. Be5 Qg6 58. Bxg7 Qxg7 59. Qxg7+ Kxg7 60. Ra1 Na3 61. g4 Nc2 62. Rxa2 Bxa2 63. gxh5 Kh6 64. Kg3 Kxh5 65. Kf4 Kh4 66. Ke4 Kxh3 67. d5 Na3 68. d6 Be6 69. Ke5 Bd7 70. Kd5 Kg4 71. Kc5 Nc4 72. Kd5 Kf5 73. Kc5 Ke5 74. Kb4 Kxd6 75. Kb3 Kc5 76. Kc2 Nb6 77. Kb3 Be6+ 78. Ka3 Na4 79. c4 Kxc4 80. Ka2 b4 81. Kb1 b3 82. Ka1 b2+ 83. Ka2 Kb4+ 84. Kb1 Bf5+ 85. Ka2 b1=Q# 0-1


[Site "https://www.chess.com"]

[Event "Titled Tuesday Blitz May 10 Early 2022"]
[White "Redzisz, Michal"]
[Black "Barp, Alberto"]
[WhiteFideId "21816107"]
[BlackFideId "872555"]
[WhiteElo "2004"]
[BlackElo "2229"]
[Result "1-0"]
[Round "01"]
[TimeControl "180+1"]
[Date "2022.05.11"]
[WhiteClock "0:00:12"]
[BlackClock "0:00:04"]

1. Nf3 c5 2. e4 a6 3. c3 d5 4. exd5 Nf6 5. d4 cxd4 6. cxd4 Nxd5 7. Nc3 Nc6 8. Bc4 Be6 9. Qe2 Nxc3 10. bxc3 Bxc4 11. Qxc4 e6 12. Rb1 Qd7 13. O-O Be7 14. Bf4 Rc8 15. Qe2 O-O 16. Rfd1 Rfd8 17. c4 Bf6 18. d5 exd5 19. Rxd5 Qe6 20. Qd2 b5 21. Re1 bxc4 22. Rxe6 fxe6 23. Rxd8+ Rxd8 24. Qe2 Kf7 25. g4 Rd3 26. Qe4 Nd4 27. Nxd4 Rxd4 28. Qb7+ Kg6 29. Be3 Rxg4+ 30. Kf1 c3 31. Qxa6 Rb4 32. Qxe6 h5 33. Qe8+ Kf5 34. Qxh5+ Ke6 35. Qc5 Re4 36. Qc6+ Kf5 37. Qd5+ Re5 38. Qf7 Re4 39. Qh5+ Ke6 40. Qe8+ Kd5 41. Qa8+ Ke5 42. Qa5+ Ke6 43. Qb6+ Kf5 44. Qc5+ Kg6 45. Ke2 Rh4 46. a4 Rxa4 47. Kf3 Rh4 48. Kg3 Rh5 49. Qc4 Rf5 50. Qe4 Be5+ 51. f4 Bf6 52. Kg4 Kf7 53. Qxf5 g6 54. Qd5+ 1-0


[Site "https://www.chess.com"]

[Event "Titled Tuesday Blitz May 10 Early 2022"]
[White "Richter, Nils"]
[Black "Cramling Bellon, Anna"]
[WhiteFideId "12990809"]
[BlackFideId "32009232"]
[WhiteElo "2243"]
[BlackElo "1905"]
[Result "1-0"]
[Round "01"]
[TimeControl "180+1"]
[Date "2022.05.11"]
[WhiteClock "0:00:23"]
[BlackClock "0:00:01"]

1. e4 c5 2. Nf3 e6 3. d4 cxd4 4. Nxd4 Nf6 5. Nc3 Nc6 6. Ndb5 d6 7. Bf4 e5 8. Bg5 a6 9. Na3 b5 10. Nd5 Be7 11. Bxf6 Bxf6 12. c4 b4 13. Nc2 Bg5 14. g3 Be6 15. h4 Bh6 16. Bh3 Bxh3 17. Rxh3 O-O 18. Rh1 a5 19. Kf1 f5 20. exf5 Rxf5 21. Kg2 Qf8 22. Rf1 Rb8 23. Qg4 a4 24. Rad1 b3 25. axb3 axb3 26. Na3 Kh8 27. Nb5 g6 28. Ne3 Rf6 29. Qd7 Nd4 30. Nd5 Rf7 31. Qxd6 Nxb5 32. Qxf8+ Rfxf8 33. cxb5 Rxb5 34. Nc3 Rb4 35. Rfe1 Bg7 36. Rd7 Rd4 37. Rb7 Rd2 38. Re2 Rxe2 39. Nxe2 e4 40. Rxb3 Bh6 41. Rb7 e3 42. f4 Bg7 43. Kf3 Re8 44. b4 h5 45. b5 Rd8 46. Kxe3 Re8+ 47. Kf3 Rd8 48. Rb6 Rd3+ 49. Ke4 Rd2 50. Ke3 Rb2 51. Rxg6 1-0


[Site "https://www.chess.com"]

[Event "Titled Tuesday Blitz May 10 Early 2022"]
[White "Riehle, Marco"]
[Black "Melaugh, Shane"]
[WhiteFideId "12904392"]
[BlackFideId "2509580"]
[WhiteElo "2462"]
[BlackElo "1972"]
[Result "1-0"]
[Round "01"]
[TimeControl "180+1"]
[Date "2022.05.11"]
[WhiteClock "0:02:01"]
[BlackClock "0:00:45"]

1. e4 e6 2. c4 d5 3. cxd5 exd5 4. Qb3 dxe4 5. Bc4 Qe7 6. Nc3 Nf6 7. d3 exd3+ 8. Be3 d2+ 9. Kxd2 Qd7+ 10. Kc2 Bd6 11. Rd1 O-O 12. Nf3 Qf5+ 13. Bd3 Qe6 14. Bc4 Qf5+ 15. Kc1 Nc6 16. Nd4 Nxd4 17. Rxd4 Bc5 18. Nd5 Bxd4 19. Ne7+ Kh8 20. Nxf5 Bxb2+ 21. Qxb2 Bxf5 22. Bd4 Ne8 23. g4 Be6 24. Bxe6 fxe6 25. Re1 Rf7 26. Rxe6 b6 27. h4 c5 28. Be5 Rd8 29. h5 Rfd7 30. Qc2 Kg8 31. h6 Kf7 32. Qf5+ Kg8 33. Rxe8+ 1-0


[Site "https://www.chess.com"]

[Event "Titled Tuesday Blitz May 10 Early 2022"]
[White "Roux, Baptiste"]
[Black "Zhao, Jun"]
[WhiteFideId "36017450"]
[BlackFideId "8602522"]
[WhiteElo "1935"]
[BlackElo "2547"]
[Result "0-1"]
[Round "01"]
[TimeControl "180+1"]
[Date "2022.05.11"]
[WhiteClock "0:02:02"]
[BlackClock "0:02:10"]

1. e4 e5 2. Nf3 Nc6 3. Bc4 Nf6 4. O-O Nxe4 5. d4 exd4 6. Re1 d5 7. Bxd5 Qxd5 8. Nc3 Qh5 9. Nxe4 Be6 10. Neg5 O-O-O 11. Nxe6 fxe6 12. Rxe6 Bd6 13. b4 Bxh2+ 14. Kf1 Bd6 15. b5 Qxb5+ 16. Qd3 Qxd3+ 17. cxd3 Rhe8 18. Rxe8 Rxe8 19. Bd2 h6 20. Nh4 Kd7 21. Nf5 Bf8 22. Rb1 b6 23. Bf4 Ne5 24. Bxe5 Rxe5 25. Nxd4 Rd5 26. Nb5 Rxd3 27. Nxa7 Ra3 28. Rd1+ Bd6 29. Nb5 Rxa2 30. Nxd6 cxd6 31. g4 Ra4 32. f3 Ra2 33. Rb1 Kc6 34. Rc1+ Kd5 35. Rc7 g5 36. Rh7 b5 37. Rxh6 b4 38. Rg6 b3 39. Rxg5+ Kc4 40. Rg8 b2 41. Rb8 Ra1+ 42. Kg2 b1=Q 43. Rxb1 Rxb1 44. g5 Kd5 45. Kg3 Ke6 46. Kg4 Rb4+ 47. Kh5 d5 48. Kh6 d4 49. g6 d3 50. g7 Kf7 51. f4 Rxf4 52. Kh7 Rh4# 0-1


[Site "https://www.chess.com"]

[Event "Titled Tuesday Blitz May 10 Early 2022"]
[White "Rozman, Levy"]
[Black "Itkis, Boris"]
[WhiteFideId "2039877"]
[BlackFideId "1209167"]
[WhiteElo "2376"]
[BlackElo "2207"]
[Result "1-0"]
[Round "01"]
[TimeControl "180+1"]
[Date "2022.05.11"]
[WhiteClock "0:00:54"]
[BlackClock "0:00:20"]

1. d4 Nf6 2. Bg5 d5 3. Nd2 Bf5 4. e3 c6 5. Bd3 Bg6 6. f4 e6 7. Ngf3 Nbd7 8. O-O h6 9. Bxg6 fxg6 10. Bh4 Be7 11. Ne5 Nf8 12. c4 Qb6 13. Qc2 O-O-O 14. c5 Qc7 15. Nxg6 Nxg6 16. Qxg6 Rdg8 17. b4 h5 18. Nf3 Bd8 19. Ng5 Rh6 20. Qd3 Qd7 21. Nf3 Ne4 22. Ne5 Qc7 23. Bxd8 Qxd8 24. b5 cxb5 25. c6 Qb6 26. Rfc1 g5 27. Rab1 a6 28. a4 gxf4 29. exf4 Nd6 30. cxb7+ Kxb7 31. Rc6 Qxc6 32. Nxc6 Kxc6 33. axb5+ axb5 34. Qa3 Nc4 35. Qc5+ Kd7 36. Rxb5 Rc8 37. Rb7+ Kd8 38. Qe7# 1-0


[Site "https://www.chess.com"]

[Event "Titled Tuesday Blitz May 10 Early 2022"]
[White "Rustemov, Alexander"]
[Black "Rahman, Adel"]
[WhiteFideId "4119002"]
[BlackFideId "14204177"]
[WhiteElo "2702"]
[BlackElo "2175"]
[Result "1-0"]
[Round "01"]
[TimeControl "180+1"]
[Date "2022.05.11"]
[WhiteClock "0:00:16"]
[BlackClock "0:00:07"]

1. d4 Nf6 2. c4 g6 3. Nf3 Bg7 4. g3 O-O 5. Bg2 d6 6. Nc3 c5 7. O-O Nc6 8. dxc5 dxc5 9. Bf4 Nh5 10. Be3 Nd4 11. Qc1 Qa5 12. Kh1 Rd8 13. Bh6 Be6 14. Bxg7 Nxg7 15. b3 Rac8 16. Qb2 a6 17. e3 Nxf3 18. Bxf3 b5 19. cxb5 axb5 20. Ne4 Bd5 21. Rfd1 Qa8 22. Rxd5 Rxd5 23. Nc3 Rd2 24. Qxd2 Qxf3+ 25. Kg1 b4 26. Nd5 Nf5 27. Rd1 Kg7 28. Nb6 Rc6 29. Nc4 f6 30. Qd5 Qxd5 31. Rxd5 Kf7 32. Kf1 Ra6 33. Rxc5 Rxa2 34. Rb5 Nh6 35. h3 Nf5 36. Rxb4 Ra1+ 37. Kg2 Rb1 38. Rb7 Ke6 39. b4 Rc1 40. Na5 Rc2 41. Kf3 Nd6 42. Rb6 Rb2 43. Nb7 Kd5 44. Nxd6 exd6 45. Rb7 h5 46. h4 g5 47. Rh7 Rxb4 48. Rxh5 Ke6 49. hxg5 fxg5 50. Rxg5 1-0


[Site "https://www.chess.com"]

[Event "Titled Tuesday Blitz May 10 Early 2022"]
[White "Sadhwani, Raunak"]
[Black "Ozates, Tuna"]
[WhiteFideId "35093487"]
[BlackFideId "6354521"]
[WhiteElo "2616"]
[BlackElo "1887"]
[Result "1-0"]
[Round "01"]
[TimeControl "180+1"]
[Date "2022.05.10"]
[WhiteClock "0:00:12"]
[BlackClock "0:00:02"]

1. e4 e5 2. Nf3 Nc6 3. g3 g6 4. Bg2 Bg7 5. O-O Nge7 6. d3 O-O 7. c4 d6 8. Nc3 h6 9. Rb1 f5 10. b4 f4 11. b5 Nd4 12. Nxd4 exd4 13. Nd5 Nxd5 14. cxd5 Be5 15. Rb4 Kg7 16. gxf4 Bxf4 17. Bxf4 Rxf4 18. Rxd4 Qg5 19. Kh1 Rh4 20. Rc4 Qf4 21. Rxc7+ Kg8 22. Rxc8+ Rxc8 23. h3 g5 24. f3 Qg3 25. Qd2 Rf8 26. d4 h5 27. e5 dxe5 28. dxe5 Qxe5 29. Re1 Qg3 30. Re3 Rd8 31. Qd3 Rxh3+ 32. Kg1 Qh2+ 33. Kf1 Rd6 34. Qf5 Rg3 35. Re8+ Kg7 36. Re7+ Kg8 37. Qf7+ 1-0


[Site "https://www.chess.com"]

[Event "Titled Tuesday Blitz May 10 Early 2022"]
[White "Sailer, Mike"]
[Black "Song, Michael"]
[WhiteFideId "2012901"]
[BlackFideId "2613190"]
[WhiteElo "2109"]
[BlackElo "2274"]
[Result "0-1"]
[Round "01"]
[TimeControl "180+1"]
[Date "2022.05.11"]
[WhiteClock "0:00:49"]
[BlackClock "0:01:38"]

1. d4 f5 2. e4 fxe4 3. Nc3 Nf6 4. Bg5 g6 5. Bxf6 exf6 6. Nxe4 d5 7. Ng3 Bd6 8. Bd3 Nc6 9. c3 Qe7+ 10. N1e2 Be6 11. Qc2 O-O-O 12. O-O-O Kb8 13. Kb1 Qf7 14. h4 f5 15. f4 h5 16. Nf1 Na5 17. Nd2 Nc4 18. Bxc4 dxc4 19. Nf3 Bd5 20. Ng5 Qd7 21. Rhg1 Rhe8 22. g3 Re3 23. Qd2 Rde8 24. Rge1 Qe7 25. Nh3 Rxe2 26. Rxe2 Qxe2 27. Qxe2 Rxe2 0-1


[Site "https://www.chess.com"]

[Event "Titled Tuesday Blitz May 10 Early 2022"]
[White "Saldano Dayer, Horacio"]
[Black "Le, Tuan Minh"]
[WhiteFideId "103411"]
[BlackFideId "12401153"]
[WhiteElo "2419"]
[BlackElo "2450"]
[Result "0-1"]
[Round "01"]
[TimeControl "180+1"]
[Date "2022.05.10"]
[WhiteClock "0:00:47"]
[BlackClock "0:01:50"]

1. e4 c5 2. Nf3 Nf6 3. e5 Nd5 4. c3 Nc6 5. d4 cxd4 6. cxd4 d6 7. Bc4 dxe5 8. dxe5 Ndb4 9. Qe2 Bf5 10. Na3 e6 11. O-O Bd3 12. Bxd3 Qxd3 13. Qxd3 Nxd3 14. Nc4 b5 15. Na3 Bxa3 16. bxa3 O-O 17. Rb1 a6 18. Bb2 Rfd8 19. g3 h6 20. h4 Rd5 21. Rfd1 Rad8 22. Bc3 Ndxe5 23. Rxd5 Nxf3+ 24. Kg2 Rxd5 25. Kxf3 Rd3+ 0-1


[Site "https://www.chess.com"]

[Event "Titled Tuesday Blitz May 10 Early 2022"]
[White "Sanchez, Robert"]
[Black "Vovk, Orest"]
[WhiteFideId "2034360"]
[BlackFideId "14113490"]
[WhiteElo "2129"]
[BlackElo "2203"]
[Result "0-1"]
[Round "01"]
[TimeControl "180+1"]
[Date "2022.05.11"]
[WhiteClock "0:00:23"]
[BlackClock "0:01:11"]

1. e4 g5 2. d4 g4 3. Nc3 Bg7 4. Be3 d6 5. Qd2 c6 6. O-O-O Qa5 7. Kb1 b5 8. h3 h5 9. hxg4 hxg4 10. Rxh8 Bxh8 11. f4 gxf3 12. Nxf3 Be6 13. a3 Nd7 14. Ng5 b4 15. axb4 Qxb4 16. Nxe6 fxe6 17. Na2 Qxd2 18. Rxd2 Ngf6 19. Bd3 Ng4 20. Bg1 e5 21. Be2 Ndf6 22. d5 cxd5 23. exd5 Kf7 24. Nb4 a5 25. Nc6 a4 26. c4 a3 27. b4 Ne4 28. Rd3 a2+ 29. Ka1 Nef2 30. Rf3+ Ke8 31. Na5 e4+ 32. Kxa2 exf3 33. gxf3 Nh3 34. fxg4 Nxg1 35. Bd3 Nf3 36. c5 0-1


[Site "https://www.chess.com"]

[Event "Titled Tuesday Blitz May 10 Early 2022"]
[White "Santos Ruiz, Miguel"]
[Black "Bas Mas, Jose Joaquin"]
[WhiteFideId "22291482"]
[BlackFideId "22219064"]
[WhiteElo "2486"]
[BlackElo "2233"]
[Result "1-0"]
[Round "01"]
[TimeControl "180+1"]
[Date "2022.05.11"]
[WhiteClock "0:01:16"]
[BlackClock "0:00:07"]

1. e4 c5 2. Nf3 Nc6 3. d4 cxd4 4. Nxd4 g6 5. c4 Bg7 6. Be3 Nf6 7. Nc3 Ng4 8. Qxg4 Nxd4 9. Qd1 e5 10. Bd3 O-O 11. O-O d6 12. Rc1 f5 13. exf5 gxf5 14. Bxd4 exd4 15. Nd5 Be6 16. Qf3 Be5 17. Rfe1 Kh8 18. g3 Qg5 19. Nc7 Bd7 20. Nxa8 Bc6 21. Qe2 f4 22. Be4 fxg3 23. hxg3 Rxa8 24. Bxc6 bxc6 25. c5 Rg8 26. Qf3 Qd2 27. cxd6 d3 28. Rxe5 Qxc1+ 29. Kg2 Qh6 30. Qxd3 Qf6 31. Re7 Rf8 32. Qxh7# 1-0


[Site "https://www.chess.com"]

[Event "Titled Tuesday Blitz May 10 Early 2022"]
[White "Sapunov, Evgeny"]
[Black "Zherebtsova, Alexandra"]
[WhiteFideId "4126661"]
[BlackFideId "24129518"]
[WhiteElo "2470"]
[BlackElo "2025"]
[Result "0-1"]
[Round "01"]
[TimeControl "180+1"]
[Date "2022.05.11"]
[WhiteClock "0:00:22"]
[BlackClock "0:00:21"]

1. c4 e5 2. Nf3 Nc6 3. Nc3 f5 4. d4 e4 5. Ng5 Nf6 6. a3 h6 7. Nh3 g5 8. Ng1 Bg7 9. h4 f4 10. hxg5 hxg5 11. Rxh8+ Bxh8 12. e3 d5 13. exf4 Ng4 14. Be2 Nxd4 15. Bxg4 Bxg4 16. Qxg4 Nc2+ 17. Kf1 Nxa1 18. Nxd5 c6 19. Qe6+ Kf8 20. Ne3 gxf4 21. Qh6+ Bg7 22. Qxf4+ Qf6 23. Qxe4 Re8 24. Qd3 Rd8 25. Qb1 Nb3 26. Nf3 Nxc1 27. Qxc1 Qxb2 28. Qxb2 Bxb2 29. a4 a6 30. Ke2 b5 31. cxb5 cxb5 32. axb5 a5 33. Nd2 a4 34. Nec4 a3 35. Nxa3 Bxa3 36. Nc4 Bc5 37. f3 Rb8 38. g4 Rxb5 39. f4 Rb4 40. Kd3 Kg7 41. Kc3 Rb8 42. Kd3 Re8 43. Ne5 Bd6 44. Ke4 Bxe5 45. fxe5 Kg6 46. Kd5 Kf7 47. g5 Rg8 0-1


[Site "https://www.chess.com"]

[Event "Titled Tuesday Blitz May 10 Early 2022"]
[White "Sarana, Alexey"]
[Black "Nguyen Hong Nhung"]
[WhiteFideId "24133795"]
[BlackFideId "12412201"]
[WhiteElo "2666"]
[BlackElo "1758"]
[Result "1-0"]
[Round "01"]
[TimeControl "180+1"]
[Date "2022.05.10"]
[WhiteClock "0:01:32"]
[BlackClock "0:00:24"]

1. d4 f5 2. c4 Nf6 3. Nc3 g6 4. Bg5 Bg7 5. e3 d6 6. Bd3 e5 7. f3 Nc6 8. Nge2 O-O 9. a3 Qe8 10. O-O h6 11. Bh4 g5 12. Bf2 Bd7 13. Qc2 f4 14. exf4 exf4 15. Rae1 Qd8 16. b4 Be8 17. b5 Ne7 18. d5 Nd7 19. Nd4 Nc5 20. Ne4 Nxd3 21. Qxd3 Bf7 22. Ne6 Bxe6 23. dxe6 Ng6 24. Qd5 Qe7 25. Qxb7 Ne5 26. c5 Qxe6 27. Qxc7 dxc5 28. Nxc5 Qf5 29. a4 Rf7 30. Qd6 Nc4 31. Qc6 Rc8 32. Re8+ Rxe8 33. Qxe8+ Kh7 34. Ne6 Be5 35. Re1 Nd6 36. Nxg5+ hxg5 37. Qxe5 Qg6 38. Qd5 Nf5 39. a5 Rc7 40. h3 Ng7 41. a6 Rc2 42. Bxa7 Rb2 43. Bf2 Qc2 44. Qe4+ Qxe4 45. Rxe4 Rxb5 46. a7 Ra5 47. Rb4 Nf5 48. Rb8 Ne3 49. a8=Q 1-0


[Site "https://www.chess.com"]

[Event "Titled Tuesday Blitz May 10 Early 2022"]
[White "Seo, Jung Min"]
[Black "Bach, Ngoc Thuy Duong"]
[WhiteFideId "1734687"]
[BlackFideId "12408956"]
[WhiteElo "2401"]
[BlackElo "1862"]
[Result "1-0"]
[Round "01"]
[TimeControl "180+1"]
[Date "2022.05.11"]
[WhiteClock "0:00:54"]
[BlackClock "0:00:01"]

1. d4 d5 2. c4 e6 3. Nf3 c6 4. Bg5 Be7 5. Bxe7 Nxe7 6. e3 Nd7 7. Nbd2 Nf6 8. Bd3 dxc4 9. Nxc4 b6 10. O-O Bb7 11. b4 Ned5 12. a3 O-O 13. Qb3 Qe7 14. Rfe1 Rfd8 15. e4 Nf4 16. Bc2 Rac8 17. Rad1 c5 18. g3 Ng6 19. e5 Ne8 20. dxc5 Rxd1 21. Rxd1 bxc5 22. Nd6 Nxd6 23. exd6 Qf6 24. Nd2 Bd5 25. Qb1 cxb4 26. axb4 Qe5 27. Ne4 f5 28. d7 Rd8 29. Nc5 Qe2 30. Bb3 Ne7 31. Qd3 Qxd3 32. Rxd3 Bxb3 33. Rxb3 Kf7 34. Ra3 Rb8 35. Rxa7 Rd8 36. b5 Kf6 37. b6 Ke5 38. b7 Kd6 39. Ra8 Rxa8 40. bxa8=Q 1-0


[Site "https://www.chess.com"]

[Event "Titled Tuesday Blitz May 10 Early 2022"]
[White "Sharbaf, Mohsen"]
[Black "Plotnikov, Pavel"]
[WhiteFideId "12501808"]
[BlackFideId "4170342"]
[WhiteElo "2187"]
[BlackElo "2298"]
[Result "1-0"]
[Round "01"]
[TimeControl "180+1"]
[Date "2022.05.11"]
[WhiteClock "0:01:43"]
[BlackClock "0:01:50"]

1. c4 e5 2. Nc3 d6 3. g3 f5 4. d4 Nd7 5. dxe5 dxe5 6. e4 Ngf6 7. exf5 Bd6 8. Bg2 O-O 9. Nf3 Nb6 10. O-O Nxc4 11. Qb3 Kh8 12. Qxc4 Bxf5 13. Bg5 c6 14. Rad1 Qc7 15. Bxf6 gxf6 16. Nh4 Bd7 17. Ne4 Be7 18. Nc5 Rad8 19. Ne6 Bxe6 20. Qxe6 Rxd1 21. Rxd1 Rd8 22. Rxd8+ Qxd8 23. Nf5 Bf8 24. Qf7 c5 25. Bd5 Bh6 26. Nxh6 c4 27. Ng4 c3 28. bxc3 e4 29. Nxf6 Qc8 30. Qxh7# 1-0


[Site "https://www.chess.com"]